 Dungeon Crawl Stone Soup version 0.26-a0-720-g2a1d101370 (console) character file.

Game seed: 7553518468402005468

531 om the Poker (level 7, 0/53 HPs)
             Began as a Merfolk Gladiator on Nov 3, 2020.
             Was an Initiate of Gozag.
             Killed from afar by an orc wizard (4 damage)
             ... with a puff of frost
             ... on level 4 of the Dungeon.
             The game lasted 00:08:34 (4431 turns).

om the Poker (Merfolk Gladiator)                    Turns: 4431, Time: 00:08:34

Health: 0/53       AC: 10    Str: 16    XL:     7   Next: 24%
Magic:  7/7        EV: 17    Int: 13    God:    Gozag
Gold:   278        SH:  0    Dex: 22    Spells: 6/6 levels left

rFire    . . .     SeeInvis .   x - +0 scythe
rCold    . . .     Faith    .   (shield currently unavailable)
rNeg     . . .     Spirit   .   s - +3 leather armour
rPois    .         Reflect  .   c - +1 helmet
rElec    .         Harm     .   e - +0 cloak
rCorr    .         Rampage  .   k - +0 pair of gloves
MR       .....                  (no boots)
Stlth    ++........             v - amulet of inaccuracy (curse)
HPRegen  0.17/turn              j - +6 ring of intelligence
MPRegen  0.10/turn              r - +6 ring of dexterity

@: no status effects
A: change form in water, swift swim, stealthy swim
a: Potion Petition, Call Merchant, Bribe Branch, Renounce Religion


You were on level 4 of the Dungeon.
You worshipped Gozag.
Gozag was aware of your devotion.
You visited 1 branch of the dungeon, and saw 4 of its levels.

You collected 316 gold pieces.
You paid 38 gold pieces to Gozag.

Inventory:

Hand Weapons
 a - a +1 trident
 x - a +0 scythe (weapon)
Missiles
 f - 24 poisoned darts (quivered)
Armour
 b - a +0 leather armour
 c - a +1 helmet (worn)
 e - a +0 cloak (worn)
 k - a +0 pair of gloves (worn)
 m - a +0 chain mail
 s - a +3 leather armour (worn)
Jewellery
 j - a +6 ring of intelligence (left hand)
 p - an uncursed ring of fire
 r - a +6 ring of dexterity (right hand)
 v - a cursed amulet of inaccuracy (around neck)
Wands
 d - a wand of flame (11)
Scrolls
 g - 2 scrolls of remove curse
 h - 3 scrolls of amnesia
 i - 3 scrolls of enchant weapon
 q - a scroll of fog {unknown}
 t - a scroll of fear {unknown}
 u - a scroll of random uselessness {unknown}
 y - a scroll of noise {unknown}
 A - a scroll of identify
Potions
 l - 2 potions of haste
 n - a potion of curing
 o - a potion of resistance
 w - 2 potions of ambrosia {unknown}
 z - 2 potions of heal wounds {unknown}


   Skills:
 + Level 3.7 Fighting
 * Level 7.3 Polearms
 - Level 2.0 Throwing
 * Level 2.5 Armour
 * Level 6.7 Dodging


You had 6 spell levels left.
You didn't know any spells.
Your spell library was empty.

Dungeon Overview and Level Annotations

Branches:
Dungeon (4/15)             Temple (0/1) D:4

Altars:
Ashenzari
Gozag
Nemelex Xobeh
Trog

Annotations:
D:2 1 runed translucent door, exclusion: door, Crazy Yiuf


Message History

You feel better.
The orc wizard hits you with a +4 dagger of protection.
* * * LOW HITPOINT WARNING * * *
The orc hits you but does no damage. x2
The orc wizard points at you and mumbles some strange words.
The magic dart hits you.
* * * LOW HITPOINT WARNING * * *
The orc wizard looks encouraged for a moment.
The orc wizard begins to cast a cantrip, but forgets the words!
Things that are here:
a +0 dagger; a +0 ring mail The orc wizard points at you and mumbles some strange words.
The magic dart hits you but does no damage.
The orc wizard points at you and mumbles some strange words.
The puff of flame hits you.
* * * LOW HITPOINT WARNING * * *
The orc wizard points at you and mumbles some strange words.
The puff of frost hits you.
You die...
Your body crumbles into a pile of gold.

#.......## #.......##
############.#####.##
#................)...
#.####..####.#####.##
#.##.>..# #.#####.##
#.##.#.## #.......##
#......# ##########
####.### # #.# # #@#
# #.## # #.o### .
##...# . ###o# . #.#
#.# #o# #)########
#o##..... #.##..#


You could see an orc wizard (fast) and an orc.

Vanquished Creatures
  Sigmund (D:3)
  Terence (D:2)
  2 hounds (D:4)
  3 orc priests
  4 gnolls
  5 adders
  An adder skeleton (D:4)
  A worm (D:2)
  2 dart slugs
  A leopard gecko (D:3)
  8 orcs
  8 bats
  4 giant cockroaches
  5 goblins
  12 hobgoblins
  11 jackals
  2 quokkas
  2 ball pythons
  3 frilled lizards
  8 kobolds
  8 rats
92 creatures vanquished.

Notes
Turn   | Place    | Note
-------+----------+-------------------------------------------
     0 | D:1      | om the Merfolk Gladiator began the quest for the Orb.
     0 | D:1      | Reached XP level 1. HP: 16/16 MP: 1/1
   189 | D:1      | Reached XP level 2. HP: 23/23 MP: 2/2
   563 | D:1      | Reached skill level 5 in Polearms
   666 | D:1      | Reached XP level 3. HP: 28/28 MP: 3/3
  1134 | D:2      | Noticed Terence
  1170 | D:2      | Killed Terence
  1170 | D:2      | Reached skill level 5 in Dodging
  1170 | D:2      | Reached XP level 4. HP: 12/34 MP: 4/4
  1533 | D:2      | Reached skill level 1 in Armour
  2057 | D:2      | Reached XP level 5. HP: 41/41 MP: 5/5
  2176 | D:2      | Found a runed translucent door.
  2177 | D:2      | Noticed Crazy Yiuf
  2512 | D:3      | Found a broken altar of Ashenzari.
  2561 | D:3      | Reached skill level 6 in Polearms
  2630 | D:3      | Found an opulent altar of Gozag.
  2630 | D:3      | Found a sparkling altar of Nemelex Xobeh.
  2789 | D:3      | Became a worshipper of Gozag Ym Sagoz the Greedy
  3295 | D:3      | Noticed Sigmund
  3319 | D:3      | Killed Sigmund
  3319 | D:3      | Reached XP level 6. HP: 23/47 MP: 6/6
  3868 | D:4      | Reached skill level 7 in Polearms
  3868 | D:4      | Reached XP level 7. HP: 44/52 MP: 7/7
  3994 | D:4      | Found a bloodstained altar of Trog.
  4120 | D:4      | Found a staircase to the Ecumenical Temple.
  4431 | D:4      | Killed from afar by an orc wizard

Illustrated notes

Levels and vault maps discovered:
D:1:      minmay_arrival_plants_in_alcoves, layout_basic,
          minmay_misc_feat_square
D:2:      layout_loops_ring, uniq_terence, uniq_crazy_yiuf_cottage
D:3:      layout_basic, grunt_temple_overflow_opulence,
          nicolae_ashenzari_panopticon, uniq_sigmund
D:4:      layout_loops_cross, minmay_temple_entry_grid, trog_hazing_becter

Skill      XL: |  1  2  3  4  5  6 |
---------------+-------------------+-----
Polearms       | 5 6 7 |  7.3
Dodging        | 5 6 |  6.7
Armour         | 1 2 |  2.5
Fighting       | 3 |  3.7
Throwing       | |  2.0

Action                   |  1- 3 |  4- 6 |  7- 9 || total
-------------------------+-------+-------+-------++-------
Melee: Trident           |   107 |   190 |       ||   297
       Scythe            |       |    17 |    77 ||    94
       Tailslap          |       |       |     1 ||     1
Throw: Throwing net      |     2 |     2 |       ||     4
       Dart              |       |     3 |       ||     3
  Use: Scroll            |       |     8 |       ||     8
       Potion            |       |     2 |     1 ||     3
 Stab: Held in net/web   |     1 |       |       ||     1
       Sleeping          |       |     3 |     1 ||     4
       Distracted        |       |     1 |     2 ||     3
Armor: Leather armour    |    23 |    40 |    44 ||   107
       Chain mail        |     9 |    29 |       ||    38
Dodge: Dodged            |    60 |   119 |   136 ||   315

Table legend: (Time is in decaauts)
 A = Elapsed time spent in this place.
 B = Non-inter-level travel time spent in this place.
 C = Inter-level travel time spent in this place.
 D = Time resting spent in this place.
 E = Time spent auto-exploring this place.
 F = Levels seen in this place.
 G = Mean time per level.
                   A        B        C        D        E       F      G
               +--------+--------+--------+--------+--------+-----+--------+
         Total |   4473 |   4389 |     84 |   1241 |   2178 |   4 | 1118.2 |
       Dungeon |   4473 |   4389 |     84 |   1241 |   2178 |   4 | 1118.2 |
               +--------+--------+--------+--------+--------+-----+--------+

Top non-repeatable levels by time:
     D:3: 1414 daAuts
     D:1: 1335 daAuts
     D:2: 1068 daAuts
     D:4: 654 daAuts
